← All builds
Suicide front / Cortex / Economy first / OBSERVED BUILD

Standard suicide front

Cortex Suicide front build order · Supreme Isthmus

The role's baseline economy-first play: fast Bot Lab, early Advanced Metal Extractor, and a Thug/Grunt/Aggravator mix pushed to hold the middle while teching up.

#raid #push · 1080 distinct matches · 188 players · 73% of Cortex Suicide front games · team won 57% of 1151 · Recently observed

HOW TO PLAY IT

Key timing: Bot Lab by 0:39

  1. Open 3 mex, then rush Bot Lab almost immediately.
  2. Finish Bot Lab and start pushing Thug, Grunt, Aggravator.
  3. Send units straight to middle to contest and stop leaks.
  4. Eat the Bot Lab for metal if 32% of games reach that point.
  5. Transition into Advanced Metal Extractor once middle is stable.

Phase by phase

TYPICAL OF ITS 1080 GAMES
  1. 1
  2. 2
  3. 3
PLAY THE OPENING

Follow the example game's first 6:00 step by step: what to build now, what comes next, and where it goes. At 1× it keeps pace with your own game.

  1. 1

    Up to the Bot Lab

    Economy
    • Metal Extractor2Mex
    Order
    1. Bot LabBot Lab after 2 mexdone ~0:37, middle half 0:27–0:45

    By 0:21 in all: 2 mex

    The example game in this phase · 1 step
    1. Bot LabBot Labdone 0:20 · typical 0:37
  2. 2

    Bot Lab to 5:00

    Economy
    • Metal Extractor3Mex
    • Wind Turbine2Wind
    Builders
    • Graverobber4 Graverobber
    • Construction Bot3 Con bot
    Army
    • Guard3 Guard
    • Thug16 Thug
    • Grunt3 Grunt
    Other
    • Radar Tower1 Radar Tower

    Some games also: aggravator (38%) · con turret (31%)

    By 5:00 in all: 5 mex · 3 wind

    The example game in this phase · 21 steps
    1. GruntGrunt
    2. GraverobberGraverobber
    3. Construction BotCon bot
    4. GruntGrunt
    5. Mex
    6. Construction BotCon bot
    7. Mex
    8. GruntGrunt ×9
    9. GraverobberGraverobber
    10. Construction BotCon bot
    11. Radar TowerRadar Tower
    12. Construction BotCon bot
    13. ThugThug ×3
    14. Mex
    15. Con turret
    16. ThugThug ×4
    17. GruntGrunt ×3
    18. Mex
    19. CenturionCenturion
    20. ThugThug
    21. Mex
  3. 3

    5:00 to 10:00

    Economy
    • Metal Extractor1Mex
    • Wind Turbine12Wind
    Builders
    • Construction Turret1 Con turret
    • Graverobber3 Graverobber
    • Construction Bot1 Con bot
    Army
    • Guard1 Guard
    • Thug11 Thug
    • Grunt1 Grunt

    Some games also: aggravator (41%) · Radar Tower (39%) · energy storage (36%) · Twin Guard (31%)

    By 10:00 in all: 6 mex · 16 wind · 2 con turret

    The example game in this phase · 96 steps
    1. CenturionCenturion
    2. ThugThug ×2
    3. Wind
    4. Mex
    5. ThugThug
    6. Wind ×2
    7. ThugThug
    8. Wind
    9. ThugThug ×2
    10. Wind
    11. ThugThug
    12. Wind
    13. ThugThug
    14. Wind
    15. ThugThug ×2
    16. Wind
    17. TrasherTrasher
    18. ThugThug
    19. Converter
    20. ThugThug ×2
    21. Wind
    22. ThugThug
    23. Wind
    24. ThugThug
    25. Wind
    26. ThugThug ×2
    27. Wind
    28. ThugThug
    29. Converter
    30. ThugThug ×3
    31. Wind
    32. ThugThug
    33. Advanced Metal ExtractorT2 mexdone 9:53 · typical 10:00
    34. Wind
    35. ThugThug
    36. Wind ×2
    37. ThugThug
    38. Wind ×2
    39. ThugThug
    40. Advanced Metal ExtractorT2 mex
    41. ThugThug
    42. Wind
    43. ThugThug
    44. Wind
    45. ThugThug
    46. Converter
    47. ThugThug ×2
    48. Advanced Metal ExtractorT2 mex
    49. ThugThug
    50. Wind
    51. ThugThug
    52. Wind
    53. ThugThug
    54. Wind
    55. ThugThug
    56. Wind
    57. ThugThug
    58. Advanced Metal ExtractorT2 mex
    59. Converter
    60. TrasherTrasher
    61. ThugThug ×2
    62. Wind
    63. ThugThug ×2
    64. Wind
    65. GraverobberGraverobber
    66. Wind
    67. GraverobberGraverobber ×2
    68. Wind
    69. Advanced Metal ExtractorT2 mex
    70. GraverobberGraverobber
    71. Wind
    72. GraverobberGraverobber
    73. GruntGrunt
    74. Wind
    75. TrasherTrasher
    76. GruntGrunt
    77. Wind
    78. GruntGrunt ×2
    79. Wind
    80. Advanced solar
    81. GruntGrunt
    82. Converter
    83. GraverobberGraverobber
    84. Wind
    85. Advanced solar
    86. TrasherTrasher
    87. Advanced Metal ExtractorT2 mex
    88. Wind
    89. GraverobberGraverobber
    90. Wind ×2
    91. Advanced solar
    92. TrasherTrasher
    93. Converter
    94. GraverobberGraverobber
    95. Advanced solar
    96. GraverobberGraverobber

Counts are medians over the build's games: half of them build more, half fewer. The example game is Chancho's (32 OS, 03/09/2026); pick another.

Team trades

IN AT LEAST 30% OF ITS GAMES

You hand over

Nothing regular.

You get

  • Tidal Generator4 Tidal from Pondfirst at 0:11 · in 70% of games
  • Advanced Construction Bot1 T2 con bot from Geo or Techfirst at 7:48 · in 55% of games

How it plays out

Typical game of this build, running totals by minute

Metal produced

010k20k
0:005:0010:0015:00

metal

Enemy metal destroyed

05k10k
0:005:0010:0015:00

metal

Own metal lost

05k10k
0:005:0010:0015:00

metal

1151 games.

Show as table
ByMetal produced: This buildEnemy metal destroyed: This buildOwn metal lost: This build
1:0033000
2:0094400
3:002036216173
4:003125733633
5:00428015541400
6:00546825262339
7:00663736483330
8:00782645754369
9:00894453115272
10:001020560256153
11:001156865676916
12:001315870707733
13:001475077628408
14:001634783728971
15:001774489799593
WHAT THE NUMBERS SAY

This baseline wins more often than most other roles' standard builds, with early aggression showing in high kills and losses alike.

  • + Team wins 54% of games, best winrate among the roles shown.
  • + First kill lands very early at 2:07 in all games.
  • − Own metal lost is heavy early, 1439 by 5:00.
  • − Enemy destroyed stays close to own losses through 15:00, a costly front.
THE EXAMPLE YOU ARE READING

Chancho

32.1 OS · 03/09/2026

Open source match ↗

6 received units · includes a constructor
347 metal received · 5533 energy received

Allied construction assistance is unknown. Timings are observations, not a promise of solo reproducibility.

Typical milestones

Bot Lab0:37Middle 50%: 0:27–0:45 · n=1145
Advanced Metal Extractor10:00Middle 50%: 9:00–11:15 · n=718

Played most by

XXMACGAMERXX134games of this build_Hawkey_70games of this build_X_61games of this buildAbyssFalcon59games of this buildrealisticjo56games of this build
Standard suicide front · Cortex Suicide front build order · BAR Build Atlas